 Dungeon Crawl Stone Soup version 0.29.1-15-g9cfb28693d (webtiles) character file.

Game seed: 5705698031381361642

91 croobank the Firebug (level 4, -3/32 HPs)
             Began as a Demonspawn Fire Elementalist on Apr 14, 2023.
             Slain by a gnoll
             ... wielding a +2 flail of protection
              (10 damage)
             ... on level 2 of the Dungeon.
             The game lasted 00:06:19 (2465 turns).

croobank the Firebug (Demonspawn Fire Elementalist) Turns: 2465, Time: 00:06:19

Health: -3/32      AC:  4    Str:  9    XL:     4   Next: 34%
Magic:  4/7        EV: 12    Int: 18    God:
Gold:   43         SH:  0    Dex: 13    Spells: 5/8 levels left

rFire   . . .      SeeInvis .   e - +0 short sword
rCold   . . .      Faith    .   (no shield)
rNeg    . . .      Spirit   .   a - +0 robe
rPois   +          Reflect  .   (no helmet)
rElec   .          Harm     .   (no cloak)
rCorr   .          Rampage  .   (no gloves)
Will    .....                   (no boots)
Stlth   ++........              (no amulet)
HPRegen 0.10/turn               g - ring of poison resistance
MPRegen 0.10/turn               (no ring)

@: hasted, very quick
A: molten scales 1
a: no special abilities


You were on level 2 of the Dungeon.
You visited 1 branch of the dungeon, and saw 2 of its levels.

You collected 43 gold pieces.

Inventory:

Hand Weapons
 c - a +0 flail
 d - a +0 dagger
 e - a +0 short sword (weapon)
 n - a +1 whip of freezing
Missiles
 f - 6 poisoned darts (quivered)
 h - 3 boomerangs
Armour
 a - a +0 robe (worn)
Jewellery
 g - a ring of poison resistance (left hand)
Scrolls
 i - a scroll of fog
 m - a scroll of noise {unknown}
Potions
 k - a potion of resistance
 l - 2 potions of attraction


   Skills:
 + Level 1.2 Fighting
 + Level 2.2 Dodging
 + Level 2.4 Stealth
 + Level 2.6 Spellcasting
 + Level 1.8 Conjurations
 + Level 3.1 Fire Magic


You had 5 spell levels left.
You knew the following spells:

 Your Spells              Type           Power      Damage    Failure   Level
a - Foxfire               Conj/Fire      44%        2x1d6     6%          1
b - Scorch                Fire           26%        2d6       7%          2

Your spell library contained the following spells:

 Spells                   Type           Power      Damage    Failure   Level
 Conjure Flame            Conj/Fire      11%        6-21      19%         3
 Poisonous Vapours        Pois/Air       4%         N/A       26%         2
 Inner Flame              Hex/Fire       8%         N/A       26%         3
 Mephitic Cloud           Conj/Pois/Air  4%         N/A       36%         3
 Flame Wave               Conj/Fire      11%        2d6       52%         4
 Death Channel            Necr           1%         N/A       100%        6
 Eringya's Noxious Bog    Tmut/Pois      1%         N/A       100%        6
 Haunt                    Necr/Summ      1%         N/A       100%        7
 Necromutation            Tmut/Necr      1%         N/A       100%        8


Dungeon Overview and Level Annotations

Branches:
Dungeon (2/15)

Altars:


Innate Abilities, Weirdness & Mutations

You are partially covered in molten scales. (AC +2)


Message History

Confirm with . or Enter, or press ? or * to list all spells.
You conjure some foxfire!
The foxfire hits the gnoll.
The gnoll is almost dead.
The foxfire hits the gnoll.
The gnoll is almost dead.
The foxfire hits the gnoll.
The gnoll is heavily wounded.
Casting: Foxfire (safe; 6% risk of failure)
Confirm with . or Enter, or press ? or * to list all spells.
You conjure some foxfire!
The foxfire hits the gnoll.
You kill the gnoll!
Your magical contamination has completely faded away.
You hit the gnoll but do no damage.
The gnoll is heavily wounded.
The foxfire hits the gnoll.
The gnoll is severely wounded.
The gnoll hits you with a +0 flail. Magic courses through your body.
The gnoll hits you from afar with a +0 spear.
The gnoll hits you with a +0 flail.
Casting: Foxfire (safe; 6% risk of failure)
Confirm with . or Enter, or press ? or * to list all spells.
Flames lash the gnoll.
The gnoll is heavily wounded.
The gnoll's fire resistance burns away.
The gnoll hits you from afar with a +0 spear.
The gnoll barely misses you. x2
Casting: Scorch (safe; 7% risk of failure)
Confirm with . or Enter, or press ? or * to list all spells.
Flames lash the gnoll.
The gnoll is moderately wounded.
The gnoll's fire resistance burns away.
The gnoll hits you from afar with a +0 spear.
The gnoll barely misses you.
The gnoll hits you with a +2 flail of protection!
* * * LOW HITPOINT WARNING * * *
Okay, then.
You feel yourself speed up. The gnoll closely misses you.
The gnoll hits you with a +2 flail of protection!
You die...

##.#######...#
........#....
#.......... #.........
#........ #.....g
#.gg# #..@### .#
#.....# ...
#...#.######## .. #
###.#.#......# .#(#
#.#.#......##.#.#
#.###..........#....#
#.................# ##
#########......#.###..
+.............


You could see 3 gnolls.

Vanquished Creatures
  A gnoll (D:2)
  4 adders (D:2)
  An orc (D:2)
  3 ball pythons
  5 bats
  5 endoplasms
  2 giant cockroaches (D:2)
  4 goblins (D:1)
  2 hobgoblins (D:1)
  7 kobolds
  2 quokkas
  A frilled lizard (D:1)
  6 rats
43 creatures vanquished.

Vanquished Creatures (others)
  74 foxfires
74 creatures vanquished.

Grand Total: 117 creatures vanquished

Notes
Turn   | Place    | Note
-------+----------+-------------------------------------------
     0 | D:1      | croobank the Demonspawn Fire Elementalist began the quest
                  | for the Orb.
     0 | D:1      | Reached XP level 1. HP: 13/13 MP: 3/3
   192 | D:1      | Gained mutation: You are partially covered in molten
                  | scales. (AC +2) [demonic ancestry]
   192 | D:1      | Reached XP level 2. HP: 19/19 MP: 1/5
   719 | D:1      | Learned a level 2 spell: Scorch
  1264 | D:1      | Found a faded altar of an unknown god.
  1513 | D:2      | Identified a scroll of acquirement
  1513 | D:2      | Acquired the Papyrus of Contamination and Iniquitous Deeds
  1523 | D:2      | Reached XP level 3. HP: 25/25 MP: 1/6
  1624 | D:2      | Reached skill level 3 in Fire Magic
  1922 | D:2      | Reached skill level 1 in Fighting
  2229 | D:2      | Reached XP level 4. HP: 32/32 MP: 0/7
  2465 | D:2      | Slain by a gnoll

Illustrated notes

Levels and vault maps discovered:
D:1:      dpeg_arrival_tiny_d, layout_loops_ring,
          shapermc_ecumenical_altar_ellora, bh_walls_and_bars
D:2:      layout_basic, basic_altar

Skill      XL: |  1  2  3 |
---------------+----------+-----
Stealth        | 2 |  2.4
Dodging        | 2 |  2.2
Fire Magic     | 3 |  3.1
Fighting       | 1 |  1.2
Spellcasting   | |  2.6
Conjurations   | |  1.8

Action                   |  1- 3 |  4- 6 || total
-------------------------+-------+-------++-------
Melee: Short sword       |    13 |     1 ||    14
Throw: Dart              |     5 |       ||     5
 Cast: Foxfire           |    35 |    13 ||    48
       Scorch            |    13 |     3 ||    16
  Use: Scroll            |     3 |     2 ||     5
       Potion            |       |     2 ||     2
 Stab: Sleeping          |     1 |       ||     1
Armor: Robe              |     5 |       ||     5
Dodge: Dodged            |    13 |     4 ||    17
